 Dungeon Crawl Stone Soup version 0.25-a0-458-g6fc7858b95 (webtiles) character file.

Game seed: 10438634040011073107, levelgen mode: deterministic

2027 Lugonue the Basher (level 9, -8/62 (63) HPs)
             Began as a Red Draconian Conjurer on Jan 31, 2020.
             Was a Believer of Cheibriados.
             Mangled by a two-headed ogre
             ... wielding a +0 giant spiked club
              (26 damage)
             ... on level 8 of the Dungeon on Feb 3, 2020.
             The game lasted 00:21:49 (5851 turns).

Lugonue the Basher (Red Draconian Conjurer)         Turns: 5851, Time: 00:21:53

HP:   -8/62 (63)    AC: 13    Str: 15    XL:     9   Next: 3%
MP:   3/12          EV: 13    Int: 23    God:    Cheibriados [**....]
Gold: 427           SH:  0    Dex: 15    Spells: 8/12 levels left

rFire    + . .     SeeInvis .   a - +3 whip (pain)
rCold    . . .     Gourm    .   (no shield)
rNeg     . . .     Faith    .   (armour unavailable)
rPois    .         Spirit   .   (helmet restricted)
rElec    .         Reflect  .   f - +1 cloak {MR+}
rCorr    .         Harm     .   e - +0 pair of gloves
MR       +....                  (no boots)
Stlth    ++........             (no amulet)
HPRegen  0.20/turn              l - +3 ring of protection
MPRegen  0.13/turn              (no ring)

@: short of breath, very slow
A: breathe fire, unfitting armour, fire resistance 1, cold-blooded, AC +7
a: Breathe Fire, Bend Time, Renounce Religion


You were on level 8 of the Dungeon.
You worshipped Cheibriados.
Cheibriados was pleased with you.
You were not hungry.

You visited 2 branches of the dungeon, and saw 9 of its levels.

You collected 427 gold pieces.

Inventory:

Hand Weapons
 a - a +3 whip of pain (weapon)
 b - a +2 flail of holy wrath
 d - a +0 dagger
Armour
 e - a +0 pair of gloves (worn)
 f - a +1 cloak of magic resistance (worn)
Jewellery
 l - a +3 ring of protection (left hand)
Wands
 q - a wand of polymorph (4)
 s - a wand of iceblast (7)
Scrolls
 c - 8 scrolls of teleportation
 m - 3 scrolls of remove curse
 n - 3 scrolls of identify
 r - a scroll of fog {unknown}
 t - a scroll of enchant armour
Potions
 g - 4 potions of curing
 i - a potion of haste {unknown}
 j - a potion of brilliance {unknown}
 k - a potion of degeneration {unknown}
 o - a potion of cancellation
 p - a potion of invisibility
Comestibles
 h - 11 rations


   Skills:
 - Level 0.9 Fighting
 - Level 1.2 Short Blades
 + Level 11.1 Maces & Flails
 - Level 2.1 Dodging
 - Level 1.7 Stealth
 - Level 2.0 Spellcasting
 - Level 4.7 Conjurations


You had 8 spell levels left.
You knew the following spells:

 Your Spells              Type           Power        Failure   Level  Hunger
a - Magic Dart            Conj           ###.         1%          1    #......
b - Dazzling Flash        Conj/Hex       ##....       14%         3    ###....

Your spell library contained the following spells:

 Spells                   Type           Power        Failure   Level  Hunger
 Searing Ray              Conj           ###...       2%          2    ##.....
 Fulminant Prism          Conj/Hex       ##........   43%         4    #####..
 Iskenderun's Mystic Bla  Conj/Tloc      ##......     43%         4    #####..


Dungeon Overview and Level Annotations

Branches:
Dungeon (8/15)             Temple (1/1) D:4
   Lair: D:8-11

Altars:
Ashenzari
Cheibriados
Dithmenos
Elyvilon
Fedhas
Gozag
Hepliaklqana
Kikubaaqudgha
Makhleb
Nemelex Xobeh
Okawaru
Qazlal
Ru
Sif Muna
Trog
Uskayaw
Vehumet
Wu Jian
Xom
Yredelemnul
Zin
The Shining One

Annotations:
D:2 Robin
D:4 2 transporters, HotBuns95's ghost, amateur HuWz
D:5 1 runed translucent door, strongu's ghost, novice OpFi


Innate Abilities, Weirdness & Mutations

You can breathe blasts of fire.
Your fiery red scales are hard. (AC +7)
You cannot fit into any form of body armour.
Your flesh is heat resistant. (rF+)
You are cold-blooded and may be slowed by cold attacks.


Message History

The two-headed ogre is engulfed in blazing flames.
The two-headed ogre hits you with a +0 giant spiked club!!
The two-headed ogre hits you with a +0 giant spiked club.
Press: ? - help, v - describe, . - travel, g - get item
Here: a two-headed ogre, wielding two +0 giant spiked clubs (flame, heavily wounded)
A bullfrog corpse.
The floor, spattered with blood.
Okay, then.
Unknown command.
Casting: Magic Dart (safe; 1% risk of failure)
Confirm with . or Enter, or press ? or * to list all spells.
The two-headed ogre is engulfed in blazing flames.
The two-headed ogre misses you. The two-headed ogre barely misses you.
Casting: Dazzling Flash (safe; 14% risk of failure)
Confirm with . or Enter, or press ? or * to list all spells.
The two-headed ogre is engulfed in blazing flames.
The two-headed ogre hits you with a +0 giant spiked club!
* * * LOW HITPOINT WARNING * * *
The two-headed ogre hits you with a +0 giant spiked club!!
You die...

. .. ... .>..
.....
......######.#
......O@.....#
......####..##
..... # #...
###


You could see a two-headed ogre.

Vanquished Creatures
  A hippogriff (D:7)
  Edmund (D:4)
  Menkaure (D:6)
  An orc warrior (D:7)
  An ice beast (D:6)
  2 black bears
  A phantom (D:7)
  A necrophage (D:7)
  2 ogres (D:5)
  A centaur (D:5)
  A big kobold (D:7)
  2 bullfrogs
  A scorpion (D:5)
  A bullfrog zombie (D:6)
  A centaur zombie (D:4)
  A crimson imp (D:7)
  3 orc priests
  4 orc wizards (D:4)
  3 worker ants
  A hound skeleton (D:7)
  A hound zombie (D:7)
  4 adders
  2 shadow imps (D:7)
  2 oozes
  An adder zombie (D:5)
  An adder skeleton (D:6)
  3 worms
  2 dart slugs
  2 leopard geckos
  13 orcs
  9 bats
  A giant cockroach (D:2)
  15 hobgoblins
  3 jackals (D:4)
  11 kobolds
  8 quokkas
  A ball python (D:3)
  5 frilled lizards
  8 goblins
  A jackal skeleton (D:5)
  A quokka zombie (D:4)
  A rat (D:1)
125 creatures vanquished.

Vanquished Creatures (others)
  6 plants (D:4)
6 creatures vanquished.

Grand Total: 131 creatures vanquished

Notes
Turn   | Place    | Note
-------+----------+-------------------------------------------
     0 | D:1      | Lugonue the Draconian Conjurer began the quest for the Orb.
     0 | D:1      | Reached XP level 1. HP: 14/14 MP: 3/3
   155 | D:1      | Reached XP level 2. HP: 17/20 MP: 0/5
   641 | D:2      | Reached skill level 1 in Short Blades
   667 | D:2      | Reached XP level 3. HP: 20/27 MP: 6/6
   695 | D:2      | Noticed Robin
  1031 | D:2      | Reached skill level 1 in Maces & Flails
  1084 | D:2      | Reached XP level 4. HP: 22/34 MP: 1/7
  1422 | D:3      | Reached skill level 2 in Maces & Flails
  1425 | D:3      | Upgraded the game from 0.25-a0-448-g1f46b9f714 to
                  | 0.25-a0-458-g6fc7858b95
  1653 | D:3      | Found an ancient bone altar of Kikubaaqudgha.
  1989 | D:4      | Noticed a black bear
  2015 | D:4      | Reached skill level 3 in Maces & Flails
  2039 | D:3      | Killed a black bear
  2039 | D:3      | Reached skill level 4 in Maces & Flails
  2039 | D:3      | Reached XP level 5. HP: 24/39 MP: 8/8
  2132 | D:4      | Reached XP level 6. HP: 9/46 MP: 9/9
  2407 | D:4      | Reached skill level 5 in Maces & Flails
  2409 | D:4      | Noticed Edmund
  2841 | D:4      | Learned a level 3 spell: Dazzling Flash
  2882 | D:4      | Found a staircase to the Ecumenical Temple.
  2910 | Temple   | Entered the Ecumenical Temple
  3038 | Temple   | Became a worshipper of Cheibriados the Contemplative
  3534 | D:4      | Reached skill level 6 in Maces & Flails
  3541 | D:4      | Killed Edmund
  3541 | D:4      | Your scales start taking on a fiery red colour.
  3541 | D:4      | Reached XP level 7. HP: 42/51 MP: 10/10
  3541 | D:4      | Gained mutation: Your flesh is heat resistant. (rF+) [Red
                  | Draconian growth]
  3681 | D:4      | Found a transporter.
  3683 | D:4      | Found a transporter.
  3687 | D:4      | Noticed HotBuns95's ghost (amateur HuWz)
  3930 | D:5      | Entered Level 5 of the Dungeon
  3961 | D:5      | Found a stormy altar of Qazlal.
  3962 | D:5      | Found a sparkling altar of Nemelex Xobeh.
  3963 | D:5      | Found a bloodstained altar of Trog.
  4059 | D:5      | Reached skill level 7 in Maces & Flails
  4360 | D:5      | Found a runed translucent door.
  4364 | D:5      | Noticed strongu's ghost (novice OpFi)
  4419 | D:5      | Reached skill level 8 in Maces & Flails
  4746 | D:6      | Noticed Menkaure
  4755 | D:6      | Killed Menkaure
  4755 | D:6      | Reached XP level 8. HP: 58/58 MP: 11/11
  4789 | D:6      | Reached skill level 9 in Maces & Flails
  4895 | D:6      | Reached * piety under Cheibriados
  5276 | D:7      | Found a radiant altar of Vehumet.
  5331 | D:7      | Reached skill level 10 in Maces & Flails
  5378 | D:7      | Found a burning altar of Makhleb.
  5522 | D:7      | Noticed a hippogriff
  5540 | D:7      | Killed a hippogriff
  5599 | D:7      | Reached ** piety under Cheibriados
  5663 | D:7      | Reached skill level 11 in Maces & Flails
  5663 | D:7      | Reached XP level 9. HP: 30/62 MP: 5/12
  5836 | D:8      | Noticed a two-headed ogre
  5851 | D:8      | Mangled by a two-headed ogre

Levels and vault maps discovered:
D:1:      dpeg_arrival_chase, layout_basic
D:2:      layout_rooms, first_ration, serial_park_tiny_2, uniq_robin
D:3:      layout_rooms, kiku_gazebo_garden_becter, roderic_lattice_a
D:4:      layout_basic, minmay_temple_entry_butterflies,
          gammafunk_ghost_gnarly_gnolls, due_unseen_surprise, uniq_edmund
D:5:      layout_gridville, chequers_temple_overflow_statue_of_worship,
          ebering_ghost_sewer_d
D:6:      layout_gridville, uniq_menkaure
D:7:      layout_gridville, makhleb_blood_cavern_becter, vehumet_crystals
D:8:      layout_rooms, chequers_ossuary_entry_cave
Temple:   nicolae_temple_elliptical

Skill      XL: |  1  2  3  4  5  6  7  8 |
---------------+-------------------------+-----
Short Blades   | 1 |  1.2
Dodging        | 2 |  2.1
Maces & Flails | 1 4 6 8 11 | 11.1
Fighting       | |  0.9
Stealth        | |  1.7
Spellcasting   | |  2.0
Conjurations   | |  4.7

Action                   |  1- 3 |  4- 6 |  7- 9 || total
-------------------------+-------+-------+-------++-------
Melee: Dagger            |    50 |       |       ||    50
       Tailslap          |    14 |    22 |    24 ||    60
       Whip              |    68 |   237 |   121 ||   426
       Flail             |       |       |    48 ||    48
 Cast: Magic Dart        |    30 |    14 |    57 ||   101
       Dazzling Flash    |       |     1 |     3 ||     4
 Abil: Breathe Fire      |       |       |    10 ||    10
Evoke: Wand              |       |       |     1 ||     1
  Use: Scroll            |     5 |     3 |     2 ||    10
       Potion            |     3 |     6 |       ||     9
 Stab: Sleeping          |     3 |     1 |     1 ||     5
       Invisible         |       |     1 |       ||     1
  Eat: Chunk             |     1 |     1 |     7 ||     9
       Ration            |       |     3 |       ||     3
Armor: Skin              |    62 |    99 |    69 ||   230
Dodge: Dodged            |    91 |   157 |    73 ||   321

Table legend:
 A = Non-vault XP
 B = Vault XP
 C = Vault XP percentage of total XP
 D = Non-vault monster count
 E = Vault monster count
 F = Vault count percentage of total count
                 A         B        C        D         E       F
            +---------+---------+-------+---------+---------+-------
      Total |    2385 |     512 |  17.7 |     112 |      13 |  10.4
            +---------+---------+-------+---------+---------+-------
        D:1 |      27 |       0 |   0.0 |      15 |       0 |   0.0
        D:2 |      58 |      14 |  19.4 |      14 |       7 |  33.3
        D:3 |     174 |       4 |   2.2 |      19 |       2 |   9.5
        D:4 |     401 |     176 |  30.5 |      26 |       1 |   3.7
        D:5 |     433 |       0 |   0.0 |      10 |       0 |   0.0
        D:6 |     195 |     175 |  47.3 |       4 |       1 |  20.0
        D:7 |    1004 |     143 |  12.5 |      23 |       2 |   8.0
        D:8 |      93 |       0 |   0.0 |       1 |       0 |   0.0
            +---------+---------+-------+---------+---------+-------
